 Dungeon Crawl Stone Soup version 0.29-a0-275-g389c0b56f3 (webtiles) character file.

Game seed: 14878468497611812749

7 IdlyInterested the Poker (level 1, -2/16 HPs)
             Began as a Demonspawn Gladiator on Mar 11, 2022.
             Slain by a hobgoblin (3 damage)
             ... on level 1 of the Dungeon.
             The game lasted 00:01:08 (63 turns).

IdlyInterested the Poker (Demonspawn Gladiator)       Turns: 63, Time: 00:01:09

Health: -2/16      AC:  4    Str: 14    XL:     1   Next: 91%
Magic:  1/1        EV: 12    Int:  9    God:
Gold:   11         SH:  0    Dex: 14    Spells: 0/0 levels left

rFire   . . .      SeeInvis .   a - +0 trident
rCold   . . .      Faith    .   (no shield)
rNeg    . . .      Spirit   .   b - +0 leather armour
rPois   .          Reflect  .   c - +0 helmet
rElec   .          Harm     .   (no cloak)
rCorr   .          Rampage  .   (no gloves)
Will    .....                   (no boots)
Stlth   +.........              (no amulet)
HPRegen 0.05/turn               (no ring)
MPRegen 0.07/turn               (no ring)

@: no status effects
A: no striking features
a: no special abilities


You were on level 1 of the Dungeon.
You visited 1 branch of the dungeon, and saw 1 of its levels.

You collected 11 gold pieces.

Inventory:

Hand Weapons
 a - a +0 trident (weapon)
Missiles
 d - 3 throwing nets (quivered)
 e - a javelin
Armour
 b - a +0 leather armour (worn)
 c - a +0 helmet (worn)
Scrolls
 f - a scroll of teleportation {unknown}
 g - a scroll of silence {unknown}


   Skills:
 - Level 2.0 Fighting
 * Level 2.9 Polearms
 - Level 1.7 Throwing
 * Level 0.7 Armour
 + Level 2.8 Dodging


You couldn't memorise any spells.
You didn't know any spells.
Your spell library was empty.

Dungeon Overview and Level Annotations

Branches:
Dungeon (1/15)

Altars:


Message History

Found an escape hatch in the floor.
You now have 11 gold pieces. 2 frilled lizards come into view.
Found a stone staircase leading down.
A goblin comes into view. It is wielding a +0 club.
The goblin shouts!
You see here 9 gold pieces.
The frilled lizard closely misses you.
You hit the frilled lizard.
You kill the frilled lizard!
The frilled lizard hisses angrily.
You see here 9 gold pieces.
A hobgoblin comes into view.
You closely miss the goblin. The goblin misses you.
You barely miss the goblin. The goblin closely misses you.
The frilled lizard barely misses you.
The frilled lizard bites you but does no damage.
The goblin closely misses you.
You hit the goblin but do no damage. The frilled lizard bites you.
The goblin hits you with a +0 club.
You miss the goblin. The goblin hits you with a +0 club.
The frilled lizard barely misses you.
A giant cockroach comes into view.
The frilled lizard bites you.
You hit the frilled lizard but do no damage.
The goblin misses you.
The frilled lizard bites you but does no damage.
You barely miss the frilled lizard.
The frilled lizard bites you but does no damage.
The goblin hits you but does no damage.
You completely miss the frilled lizard. The goblin hits you with a +0 club.
* * * LOW HITPOINT WARNING * * *
The frilled lizard misses you.
You hit the frilled lizard.
You kill the frilled lizard!
You aren't carrying any potions.
You closely miss the goblin. The goblin hits you with a +0 club.
* * * LOW HITPOINT WARNING * * *
The hobgoblin hits you.
You die...

.### >... ......
#... #.....
###... #..#.###
......####..#...
#..........#..#
#........#.#..#
#.###....#g#B.#
#.........g@..#
#........#...##
#..†).####†..#
#.....# #...#
######.....#
#..>#
.....†.....#
#####
.########### .#
.#


You could see a giant cockroach, a hobgoblin and a goblin.

Vanquished Creatures
  A dart slug (D:1)
  A kobold (D:1)
  A ball python (D:1)
  A bat (D:1)
  2 frilled lizards (D:1)
  A rat (D:1)
7 creatures vanquished.

Notes
Turn   | Place    | Note
-------+----------+-------------------------------------------
     0 | D:1      | IdlyInterested the Demonspawn Gladiator began the quest for
                  | the Orb.
     0 | D:1      | Reached XP level 1. HP: 16/16 MP: 1/1
    63 | D:1      | Slain by a hobgoblin

Illustrated notes

Levels and vault maps discovered:
D:1:      dpeg_arrival_orchard, layout_basic, minmay_shallow_snake_nest

Action                   || total
-------------------------++-------
Melee: Trident           ||    21
Armor: Leather armour    ||    11
Dodge: Dodged            ||    13

Table legend: (Time is in decaauts)
 A = Elapsed time spent in this place.
 B = Non-inter-level travel time spent in this place.
 C = Inter-level travel time spent in this place.
 D = Time resting spent in this place.
 E = Time spent auto-exploring this place.
 F = Levels seen in this place.
 G = Mean time per level.
                   A        B        C        D        E       F      G
               +--------+--------+--------+--------+--------+-----+--------+
         Total |     65 |     65 |      0 |      0 |     21 |   1 |   65.0 |
       Dungeon |     65 |     65 |      0 |      0 |     21 |   1 |   65.0 |
               +--------+--------+--------+--------+--------+-----+--------+

Top non-repeatable levels by time:
     D:1: 65 daAuts
